 Dungeon Crawl Stone Soup version 0.20.1-1-g8b1a95d (webtiles) character file.

5258 vineage the Frost Mage (level 10, -3/76 HPs)
             Began as a Demonspawn Gladiator on Aug 3, 2017.
             Was a Follower of Uskayaw.
             Shot with a sling bullet by Joseph (17 damage)
             ... on level 8 of the Dungeon.
             The game lasted 00:17:43 (6172 turns).

vineage the Frost Mage (Demonspawn Gladiator)       Turns: 6172, Time: 00:17:43

Health: -3/76      AC:  9    Str: 21    XL:     10   Next: 36%
Magic:  10/10      EV:  7    Int: 15    God:    Uskayaw [*.....]
Gold:   287        SH:  7    Dex: 12    Spells: 9/9 levels left

rFire    . . .     SeeInvis .   h - +3 trident of Kareog {pierce, Str+3}
rCold    + . .     Gourm    .   B - +0 shield
rNeg     + . .     Faith    .   g - +3 chain mail {rC+}
rPois    .         Spirit   .   c - +0 helmet
rElec    .         Reflect  .   (no cloak)
rCorr    .         Harm     .   (no gloves)
MR       .....                  (no boots)
Stlth    ..........             (no amulet)
Regen    0.3/turn               n - ring of positive energy
MPRegen  0.2/turn               p - +1 ring of evasion

@: brilliant, hasted, very quick
A: claws 1, talons 2, blink, blurry vision 1, clumsy 1, deformed body, powered
by pain 3
a: Blink, Stomp, Renounce Religion


You were on level 8 of the Dungeon.
You worshipped Uskayaw.
Uskayaw was noncommittal.
You were not hungry.

You visited 2 branches of the dungeon, and saw 9 of its levels.

You collected 287 gold pieces.

Inventory:

Hand Weapons
 a - a +0 quarterstaff
 h - the +3 trident of Kareog (weapon) {pierce, Str+3}
   (You found it on level 6 of the Dungeon)

   It inflicts extra damage upon your enemies.
   It affects your strength (+3).
 M - the +6 dagger of Neuddyazem {pierce, rF+++ MR+ Str-3 Int+4}
   (You found it on level 8 of the Dungeon)

   It inflicts extra damage upon your enemies.
   It affects your strength (-3).
   It affects your intelligence (+4).
   It renders you almost immune to fire.
   It affects your resistance to hostile enchantments.
Missiles
 d - 3 throwing nets (quivered)
Armour
 b - a +0 leather armour
 c - a +0 helmet (worn)
 g - a +3 chain mail of cold resistance (worn)
 m - a cursed +0 leather armour
 B - a +0 shield (worn)
Jewellery
 n - a ring of positive energy (left claw)
 p - a +1 ring of evasion (right claw)
Wands
 t - a wand of disintegration (10/24)
Scrolls
 r - a scroll of teleportation
 u - a scroll of amnesia
 y - a scroll of magic mapping
Potions
 e - a potion of agility
 i - a potion of degeneration
 q - a potion of might
 w - a potion of cancellation
 x - 2 potions of haste
 E - 2 potions of curing
 I - a potion of mutation
 J - a potion of resistance {unknown}
Books
 C - a book of Minor Magic

   Spells                             Type                      Level
   a - Magic Dart                     Conjuration                  1
   b - Blink                          Translocation                2
   c - Call Imp                       Summoning                    2
   d - Slow                           Hexes                        2
   e - Conjure Flame                  Conjuration/Fire             3
   f - Mephitic Cloud                 Conjuration/Poison/Air       3
 F - Hoatarghatinn's Reference Book on Toxins and Fire
   (You found it on level 6 of the Dungeon)

   Spells                             Type                      Level
   a - Throw Flame                    Conjuration/Fire             2
   b - Ignite Poison                  Fire/Transmutation/Poison    3
   c - Fireball                       Conjuration/Fire             5
   d - Bolt of Magma                  Conjuration/Fire/Earth       5
   e - Alistair's Intoxication        Transmutation/Poison         5
 H - a book of Battle

   Spells                             Type                      Level
   a - Infusion                       Charms                       1
   b - Shroud of Golubria             Charms/Translocation         2
   c - Song of Slaying                Charms                       2
   d - Spectral Weapon                Hexes/Charms                 3
   e - Regeneration                   Charms/Necromancy            3
Comestibles
 f - 10 bread rations
 l - 3 royal jellies
 o - 4 meat rations
 A - a fruit


   Skills:
 + Level 5.7 Fighting
 + Level 4.0(6.6) Polearms
 + Level 8.1(8.6) Staves
 + Level 1.8 Throwing
 + Level 4.7 Armour
 + Level 3.6 Dodging
 + Level 2.0 Stealth
 + Level 0.1 Shields
   Level 10.0 Ice Magic


You had 9 spell levels left.
You didn't know any spells.

Dungeon Overview and Level Annotations

Branches:
Dungeon (8/15)             Temple (1/1) D:4
   Lair: D:8-11

Altars:
Ashenzari
Cheibriados
Dithmenos
Elyvilon
Gozag
Makhleb
Nemelex Xobeh
Qazlal
Ru
Sif Muna
Trog
Uskayaw
Vehumet
Xom
Yredelemnul
Zin
The Shining One

Shops:
D:5 (

Annotations:
D:8 Joseph


Innate Abilities, Weirdness & Mutations

You have sharp fingernails.
You have razor-sharp toenails.
You are powered by pain.
You can translocate small distances at will.
Scrolls take you a little longer to read.
You are clumsy. (Dex -2)
Armour fits poorly on your strangely shaped body.


Message History

Joseph is nearby!
You feel more experienced!
Your Ice Magic skill gained 10 levels and is now at level 10!
You have reached level 10!
Joseph shouts!
Joseph shoots a sling bullet.
You block the sling bullet.
You feel better.
Joseph shoots a sling bullet.
The sling bullet hits you.
It was a potion of cancellation.
You feel magically purged.
Joseph shoots a sling bullet.
The sling bullet hits you!
* * * LOW HITPOINT WARNING * * *
Unknown command.
You feel yourself speed up.
Joseph shoots a sling bullet.
The sling bullet closely misses you.
It was a potion of brilliance.
You feel clever all of a sudden.
It was a potion of mutation.
You feel extremely strange.
Your body twists and deforms.
You feel clumsy.
Your vision blurs.
You feel jittery.
Joseph shoots a sling bullet.
The sling bullet hits you!
You die...

##########
#@........
#.!.......
#.........
#.............
#............
#...........
#..........###
.....@...(...
#..........#


You could see Joseph.

Vanquished Creatures
  Prince Ribbit (D:6)
  Grinder (D:4)
  A spriggan (D:7)
  Duvessa (D:7)
  An orc warrior (D:6)
  An ice beast (D:8)
  A phantom (D:8)
  A sky beast (D:5)
  The ghost of vineage the Ducker, an amateur DsGl of Okawaru (D:3)
  5 bullfrogs
  Dowan (D:7)
  A scorpion (D:4)
  4 howler monkeys
  A crimson imp (D:5)
  A centaur zombie (D:5)
  A hound (D:8)
  2 orc priests (D:6)
  A jelly (D:6)
  2 centaur skeletons
  3 bullfrog skeletons
  2 iguanas
  Jessica (D:2)
  5 worker ants
  5 orc wizards
  A killer bee zombie (D:8)
  A hound zombie (D:8)
  A howler monkey zombie (D:5)
  A worker ant zombie (D:7)
  8 adders
  3 gnolls (D:7)
  An ooze (D:1)
  2 worms (D:3)
  8 dart slugs
  10 leopard geckos
  17 orcs
  3 giant cockroaches
  11 goblins
  4 hobgoblins
  15 jackals
  6 kobolds
  3 quokkas
  2 ball pythons
  6 bats
  3 frilled lizards
  A jackal zombie (D:6)
  A leopard gecko skeleton (D:7)
  2 quokka skeletons
  A quokka zombie (D:6)
  6 rats
161 creatures vanquished.

Vanquished Creatures (others)
  An orc wizard (D:6)
  4 toadstools (D:1)
5 creatures vanquished.

Grand Total: 166 creatures vanquished

Notes
Turn   | Place    | Note
-------+----------+-------------------------------------------
     0 | D:1      | vineage the Demonspawn Gladiator began the quest for the Orb.
     0 | D:1      | Reached XP level 1. HP: 16/16 MP: 1/1
    17 | D:1      | Gained mutation: You have sharp toenails. [demonic ancestry]
    17 | D:1      | Reached XP level 2. HP: 16/22 MP: 2/2
   439 | D:1      | Gained mutation: You have sharp fingernails. [demonic ancestry]
   439 | D:1      | Reached XP level 3. HP: 28/28 MP: 3/3
   975 | D:2      | Noticed Jessica
   981 | D:2      | Killed Jessica
   981 | D:2      | Gained mutation: You sometimes gain a little power by taking damage. [demonic ancestry]
   981 | D:2      | Reached XP level 4. HP: 32/34 MP: 4/4
  1032 | D:2      | Reached skill level 1 in Armour
  1620 | D:3      | Gained mutation: You sometimes gain power by taking damage. [demonic ancestry]
  1620 | D:3      | Reached XP level 5. HP: 9/41 MP: 5/5
  1866 | D:3      | Noticed vineage's ghost (amateur DsGl)
  1877 | D:3      | Killed vineage's ghost
  1986 | D:3      | Reached XP level 6. HP: 35/47 MP: 6/6
  2505 | D:4      | Reached skill level 5 in Staves
  2628 | D:4      | Noticed Grinder
  2653 | D:4      | Killed Grinder
  2653 | D:4      | Gained mutation: You are powered by pain. [demonic ancestry]
  2653 | D:4      | Reached XP level 7. HP: 24/54 MP: 7/7
  2888 | D:4      | Found a staircase to the Ecumenical Temple.
  2905 | Temple   | Entered the Ecumenical Temple
  2980 | Temple   | Became a worshipper of Uskayaw the Reveler
  3188 | D:4      | Reached * piety under Uskayaw
  3228 | D:4      | Found a stormy altar of Qazlal.
  3233 | D:4      | Reached ** piety under Uskayaw
  3591 | D:5      | Entered Level 5 of the Dungeon
  3802 | D:5      | Found Ikhoguok's Weapon Shoppe.
  3816 | D:5      | Found a deep blue altar of Sif Muna.
  3817 | D:5      | Found a sacrificial altar of Ru.
  3819 | D:5      | Found a shadowy altar of Dithmenos.
  3825 | D:5      | Found an opulent altar of Gozag.
  4246 | D:6      | Gained mutation: You have razor-sharp toenails. [demonic ancestry]
  4246 | D:6      | Reached XP level 8. HP: 50/61 MP: 8/8
  4322 | D:6      | Identified Hoatarghatinn's Reference Book on Toxins and Fire
  4369 | D:6      | Reached *** piety under Uskayaw
  4405 | D:6      | Noticed Prince Ribbit
  4422 | D:6      | Killed Prince Ribbit
  4535 | D:6      | Reached skill level 5 in Fighting
  4550 | D:6      | Reached skill level 1 in Stealth
  4882 | D:6      | Got a bloodstained trident
  4883 | D:6      | Identified the +3 trident of Kareog {pierce, Str+3} (You found it on level 6 of the Dungeon)
  4966 | D:6      | Reached **** piety under Uskayaw
  5207 | D:7      | Reached skill level 1 in Polearms
  5316 | D:7      | Noticed Dowan
  5317 | D:7      | Noticed Duvessa
  5334 | D:7      | Killed Duvessa
  5339 | D:7      | Reached ***** piety under Uskayaw
  5343 | D:7      | Killed Dowan
  5343 | D:7      | Reached XP level 9. HP: 39/68 MP: 9/9
  5772 | D:8      | Found a sacrificial altar of Ru.
  6004 | D:8      | Got a pitted dagger
  6005 | D:8      | Identified the +6 dagger of Neuddyazem {pierce, rF+++ MR+ Str-3 Int+4} (You found it on level 8 of the Dungeon)
  6091 | D:8      | Noticed Joseph
  6167 | D:8      | Reached skill level 10 in Ice Magic
  6167 | D:8      | Reached XP level 10. HP: 20/76 MP: 10/10
  6172 | D:8      | Gained mutation: Armour fits poorly on your strangely shaped body. [potion of mutation]
  6172 | D:8      | Gained mutation: You are clumsy. (Dex -2) [potion of mutation]
  6172 | D:8      | Gained mutation: Scrolls take you a little longer to read. [potion of mutation]
  6172 | D:8      | Gained mutation: You can translocate small distances at will. [potion of mutation]
  6172 | D:8      | Shot with a sling bullet by Joseph

Skill      XL: |  1  2  3  4  5  6  7  8  9 |
---------------+----------------------------+-----
Staves         | 3 4 5 6 8 |  8.1
Armour         | 1 2 3 4 |  4.7
Fighting       | 3 4 5 |  5.7
Dodging        | 3 |  3.6
Stealth        | 1 2 |  2.0
Polearms       | 2 4 |  4.0
Ice Magic      | 10 | 10.0
Throwing       | |  1.8
Shields        | |  0.1

Action                   |  1- 3 |  4- 6 |  7- 9 | 10-12 || total
-------------------------+-------+-------+-------+-------++-------
Melee: Quarterstaff      |    77 |   197 |   151 |       ||   425
       Kick              |    14 |    52 |    92 |       ||   158
       Trident           |       |       |   162 |       ||   162
Invok: Stomp             |       |       |     1 |       ||     1
  Use: Potion            |       |     6 |     1 |     5 ||    12
       Scroll            |       |     4 |    17 |       ||    21
 Stab: Paralysed         |       |       |     7 |       ||     7
  Eat: Chunk             |       |     4 |     3 |       ||     7
       Bread ration      |       |     1 |       |       ||     1
       Meat ration       |       |       |     1 |       ||     1
       Fruit             |       |       |     1 |       ||     1
Armor: Leather armour    |     1 |       |       |       ||     1
       Chain mail        |    46 |   152 |   130 |       ||   328
Dodge: Dodged            |    24 |    94 |   122 |     1 ||   241
Block: Shield            |       |       |     5 |     1 ||     6
